 Dungeon Crawl Stone Soup version 0.23.1-37-gaa34b87b72 (webtiles) character file.

Game seed: 13088048096467822779

62 MisterOstroum the Poker (level 4, -6/34 HPs)
             Began as a Merfolk Skald on Mar 25, 2019.
             Killed by divine providence
             ... invoked by an orc priest
              (9 damage)
             ... on level 3 of the Dungeon.
             The game lasted 00:08:00 (2337 turns).

MisterOstroum the Poker (Merfolk Skald)             Turns: 2337, Time: 00:08:01

Health: -6/34      AC:  4    Str: 12    XL:     4   Next: 8%
Magic:  1/7        EV: 12    Int: 12    God:
Gold:   93         SH:  0    Dex: 13    Spells: 1/7 levels left

rFire    + . .     SeeInvis +   a - +0 spear
rCold    x . .     Gourm    .   (no shield)
rNeg     . . .     Faith    .   b - +0 leather armour
rPois    .         Spirit   .   (no helmet)
rElec    .         Reflect  .   (no cloak)
rCorr    .         Harm     .   l - +0 pair of gloves
MR       .....                  (no boots)
Stlth    +.........             (no amulet)
HPRegen  0.11/turn              f - ring of see invisible
MPRegen  0.10/turn              j - ring of fire

@: infused (expiring)
A: change form in water, swift swim, stealthy swim
a: no special abilities


You were on level 3 of the Dungeon.
You were not hungry.

You visited 1 branch of the dungeon, and saw 3 of its levels.

You collected 93 gold pieces.

Inventory:

Hand Weapons
 a - a +0 spear (weapon)
Missiles
 g - 62 stones (quivered)
 m - 5 curare-tipped needles
Armour
 b - a +0 leather armour (worn)
 l - a +0 pair of gloves (worn)
Jewellery
 f - a ring of see invisible (left hand)
 j - a ring of fire (right hand)
Scrolls
 h - 6 scrolls of identify {unknown}
 i - a scroll of remove curse {unknown}
 n - a scroll of amnesia {unknown}
 p - a scroll of teleportation {unknown}
Potions
 c - 4 potions of curing {unknown}
 e - 2 potions of heal wounds {unknown}
 k - a potion of might {unknown}
Comestibles
 d - 7 rations


   Skills:
 + Level 2.8 Fighting
 * Level 4.5 Polearms
 - Level 0.6 Armour
 - Level 2.6 Dodging
 + Level 2.4 Spellcasting
 + Level 3.7 Charms


You had one spell level left.
You knew the following spells:

 Your Spells              Type           Power        Failure   Level  Hunger
a - Infusion              Chrm           ##..         7%          1    ##.....
b - Song of Slaying       Chrm           ##......     11%         2    ###....
c - Spectral Weapon       Hex/Chrm       #.......     41%         3    ####...

Your spell library contained the following spells:

 Spells                   Type           Power        Failure   Level  Hunger
 Shroud of Golubria       Chrm/Tloc      #.........   22%         2    ###....
 Regeneration             Chrm/Necr      #.........   41%         3    ####...


Dungeon Overview and Level Annotations

Branches:
Dungeon (3/15)

Altars:
Ru


Message History

You hit the orc priest but do no damage.
The orc priest is moderately wounded.
The orc priest hits you with a +0 dagger.
You hit the orc priest.
The orc priest is heavily wounded.
The orc priest hits you with a +0 dagger.
* * * LOW HITPOINT WARNING * * *
You hit the orc priest.
The orc priest is severely wounded.
The orc priest hits you but does no damage.
You hit the orc priest but do no damage.
The orc priest is severely wounded.
The orc priest invokes the aid of Beogh against you.
Pain shoots through your body!
* * * LOW HITPOINT WARNING * * *
You barely miss the orc priest.
The orc priest is severely wounded.
The orc priest calls down the wrath of Beogh upon you.
Beogh smites you!
You die...

..r#o#.#
..#.#.#
#.#.#.##
#...#..#
##..#..###
#####..#..#<+
#...o.>#....#
#.###..#.##.#
#o#@#.......#
#.#o##.##.###
#.).##....#
###########


You could see an orc priest.

Vanquished Creatures
  An adder (D:2)
  A worm (D:2)
  3 leopard geckos
  An orc (D:2)
  11 bats
  3 giant cockroaches
  5 goblins
  5 hobgoblins
  A quokka (D:3)
  2 ball pythons
  4 frilled lizards
  6 kobolds
  3 rats (D:2)
46 creatures vanquished.

Notes
Turn   | Place    | Note
-------+----------+-------------------------------------------
     0 | D:1      | MisterOstroum the Merfolk Skald began the quest for the
                  | Orb.
     0 | D:1      | Reached XP level 1. HP: 16/16 MP: 3/3
   228 | D:1      | Reached XP level 2. HP: 23/23 MP: 5/5
  1021 | D:2      | Learned a level 2 spell: Song of Slaying
  1243 | D:2      | Reached XP level 3. HP: 19/28 MP: 6/6
  1288 | D:2      | Reached skill level 4 in Polearms
  2120 | D:2      | Found a sacrificial altar of Ru.
  2160 | D:3      | Reached XP level 4. HP: 32/34 MP: 7/7
  2324 | D:2      | Learned a level 3 spell: Spectral Weapon
  2337 | D:3      | Killed from afar by an orc priest

Skill      XL: |  1  2  3 |
---------------+----------+-----
Polearms       | 4 |  4.5
Fighting       | |  2.8
Armour         | |  0.6
Dodging        | |  2.6
Spellcasting   | |  2.4
Charms         | |  3.7

Action                   |  1- 3 |  4- 6 || total
-------------------------+-------+-------++-------
Melee: Spear             |   197 |    20 ||   217
Throw: Stone             |     4 |       ||     4
 Cast: Infusion          |     2 |     2 ||     4
       Spectral Weapon   |       |     1 ||     1
 Stab: Sleeping          |     1 |       ||     1
  Eat: Chunk             |     3 |       ||     3
       Ration            |       |     1 ||     1
Armor: Leather armour    |    32 |     3 ||    35
Dodge: Dodged            |    84 |     7 ||    91
